 Dungeon Crawl Stone Soup version 0.28.0-1-gb440e238dd (webtiles) character file.

Game seed: 17659975206509492073

95 Ablot the Grasshopper (level 4, -1/38 HPs)
             Began as a Gnoll Warper on Feb 24, 2022.
             Was an Initiate of Elyvilon.
             Slain by a mummy (11 damage)
             ... in an ossuary.
             The game lasted 00:03:39 (3772 turns).

Ablot the Grasshopper (Gnoll Warper)                Turns: 3772, Time: 00:03:39

Health: -1/38      AC:  5    Str: 12    XL:     4   Next: 65%
Magic:  20/20      EV: 12    Int: 13    God:    Elyvilon [......]
Gold:   97         SH:  0    Dex: 11    Spells: 11/13 levels left

rFire   . . .      SeeInvis .   a - +0 spear
rCold   . . .      Faith    .   (no shield)
rNeg    . . .      Spirit   .   b - +0 leather armour
rPois   .          Reflect  .   r - +0 helmet
rElec   .          Harm     .   (no cloak)
rCorr   +          Rampage  .   l - +0 pair of gloves
Will    .....                   (no boots)
Stlth   +.........              q - amulet of magic regeneration
HPRegen 0.12/turn               k - ring of resist corrosion
MPRegen 0.57/turn               t - ring of magical power

@: no status effects
A: fangs 1, strong nose, distributed training
a: Renounce Religion


You were in an ossuary.
You worshipped Elyvilon.
Elyvilon was noncommittal.
You visited 1 branch of the dungeon, and saw 4 of its levels.
You also visited: Ossuary.

You collected 97 gold pieces.

Inventory:

Hand Weapons
 a - a +0 spear (weapon)
Missiles
 d - 5 boomerangs of dispersal (quivered)
 e - 68 stones
 g - 25 arrows
 i - 19 sling bullets
 m - 5 poisoned darts
Armour
 b - a +0 leather armour (worn)
 l - a +0 pair of gloves (worn)
 r - a +0 helmet (worn)
Jewellery
 k - a ring of resist corrosion (left hand)
 q - an amulet of magic regeneration (around neck)
 t - a ring of magical power (right hand)
Scrolls
 c - 2 scrolls of blinking
 j - a scroll of vulnerability {unknown}
 n - a scroll of immolation {unknown}
 o - 2 scrolls of teleportation {unknown}
 p - a scroll of fog {unknown}
 s - a scroll of torment {unknown}
 u - a scroll of holy word {unknown}
 v - a scroll of enchant weapon {unknown}
Potions
 f - 3 potions of heal wounds {unknown}
 h - 2 potions of curing {unknown}


   Skills:
 + Level 4.6 Fighting
 + Level 1.2 Short Blades
 + Level 1.2 Long Blades
 + Level 1.2 Axes
 + Level 1.2 Maces & Flails
 + Level 4.6 Polearms
 + Level 1.2 Staves
 + Level 1.2 Slings
 + Level 1.2 Bows
 + Level 1.2 Crossbows
 + Level 2.8 Throwing
 + Level 2.8 Armour
 + Level 4.6 Dodging
 + Level 1.2 Stealth
 + Level 1.2 Shields
 + Level 1.2 Unarmed Combat
 + Level 5.1 Spellcasting
 + Level 1.0 Conjurations
 + Level 1.0 Hexes
 + Level 1.0 Summonings
 + Level 1.0 Necromancy
 + Level 5.5 Translocations
 + Level 1.0 Transmutations
 + Level 1.0 Fire Magic
 + Level 1.0 Ice Magic
 + Level 1.0 Air Magic
 + Level 1.0 Earth Magic
 + Level 1.0 Poison Magic
 + Level 1.3 Invocations
 + Level 1.2 Evocations


You had 11 spell levels left.
You knew the following spells:

 Your Spells              Type           Power      Damage    Failure   Level
a - Blink                 Tloc           34%        N/A       3%          2

Your spell library contained the following spells:

 Spells                   Type           Power      Damage    Failure   Level
 Apportation              Tloc           34%        N/A       2%          1
 Gell's Gravitas          Tloc           17%        N/A       8%          3
 Lesser Beckoning         Tloc           17%        N/A       8%          3
 Teleport Other           Tloc           17%        N/A       8%          3
 Animate Skeleton         Necr           10%        N/A       16%         1
 Summon Small Mammal      Summ           20%        N/A       16%         1
 Manifold Assault         Tloc           17%        N/A       56%         5


Dungeon Overview and Level Annotations

Branches:
Dungeon (4/15)            Ossuary (1/1)
 Temple: D:4-7

Altars:
Cheibriados
Elyvilon
Sif Muna
Wu Jian

Annotations:
D:2 1 runed translucent door, exclusion: door
D:3 Sigmund


Innate Abilities, Weirdness & Mutations

You have very sharp teeth.
Your uncanny sense of smell can sniff out nearby items.
Your experience applies equally to all skills.


Message History

The kobold zombie is almost destroyed.
You hit the kobold zombie.
You destroy the kobold zombie!
You hit the mummy but do no damage. You bite the mummy.
The mummy is lightly damaged.
The hobgoblin zombie barely misses you. The mummy hits you.
You hit the mummy.
The mummy is lightly damaged.
The hobgoblin zombie closely misses you.
You hit the mummy. You bite the mummy.
The mummy is moderately damaged.
The mummy hits you!
You hit the mummy.
The mummy is heavily damaged.
The hobgoblin zombie hits you. The mummy hits you!
You are too injured to fight recklessly!
You are too injured to fight recklessly!
You are too injured to fight recklessly!
You are too injured to fight recklessly!
You are too injured to fight recklessly!
You are too injured to fight recklessly!
You are too injured to fight recklessly!
You are too injured to fight recklessly!
You are too injured to fight recklessly!
You are too injured to fight recklessly!
You are too injured to fight recklessly!
You are too injured to fight recklessly!
You are too injured to fight recklessly!
You are too injured to fight recklessly!
You are too injured to fight recklessly!
You are too injured to fight recklessly!
You are too injured to fight recklessly!
You hit the mummy.
The mummy is severely damaged.
The hobgoblin zombie hits you.
* * * LOW HITPOINT WARNING * * *
You hit the mummy. Your punch misses the mummy.
The mummy is severely damaged.
The mummy hits you!
You die...

.........
........
......
#....#
#....#
#....#
#....#
#.Z.M# ∆∆
#..@.# ∆∆
∆∆ #....#
∆∆ ∆
#....# ∆∆
∆∆ #.∩∩.#
∆ ######


You could see a mummy and a hobgoblin zombie.

Vanquished Creatures
  2 adders
  3 dart slugs
  An orc (D:4)
  10 endoplasms
  4 giant cockroaches (D:1)
  2 gnoll zombies (Ossuary)
  5 goblins
  2 hobgoblins (D:1)
  3 quokkas
  9 ball pythons
  7 bats
  4 frilled lizards
  A goblin zombie (D:4)
  A hobgoblin zombie (Ossuary)
  6 kobolds
  A kobold zombie (Ossuary)
  An orc zombie (Ossuary)
  A quokka zombie (D:4)
  5 rats
68 creatures vanquished.

Vanquished Creatures (others)
  8 fungi (D:3)
8 creatures vanquished.

Grand Total: 76 creatures vanquished

Notes
Turn   | Place    | Note
-------+----------+-------------------------------------------
     0 | D:1      | Ablot the Gnoll Warper began the quest for the Orb.
     0 | D:1      | Reached XP level 1. HP: 20/20 MP: 6/6
   138 | D:1      | Reached XP level 2. HP: 24/26 MP: 7/7
   143 | D:1      | Learned a level 2 spell: Blink
   349 | D:1      | Found a faded altar of an unknown god.
   436 | D:1      | Reached XP level 3. HP: 22/31 MP: 9/9
   561 | D:1      | Reached skill level 5 in Spellcasting
  1057 | D:1      | Reached skill level 1 in Invocations
  1666 | D:2      | Reached skill level 1 in Short Blades
  1666 | D:2      | Reached skill level 1 in Long Blades
  1666 | D:2      | Reached skill level 1 in Axes
  1666 | D:2      | Reached skill level 1 in Maces & Flails
  1666 | D:2      | Reached skill level 1 in Staves
  1666 | D:2      | Reached skill level 1 in Slings
  1666 | D:2      | Reached skill level 1 in Bows
  1666 | D:2      | Reached skill level 1 in Crossbows
  1666 | D:2      | Reached skill level 1 in Stealth
  1666 | D:2      | Reached skill level 1 in Shields
  1666 | D:2      | Reached skill level 1 in Unarmed Combat
  1666 | D:2      | Reached skill level 1 in Evocations
  1958 | D:2      | Reached XP level 4. HP: 38/38 MP: 11/11
  2378 | D:2      | Found a runed translucent door.
  2850 | D:3      | Found a shimmering blue altar of Sif Muna.
  3147 | D:3      | Found an ornate altar of the Wu Jian Council.
  3149 | D:3      | Found a snail-covered altar of Cheibriados.
  3149 | D:3      | Found a white marble altar of Elyvilon.
  3156 | D:3      | Became a worshipper of Elyvilon the Healer
  3216 | D:3      | Noticed Sigmund
  3609 | D:4      | Reached skill level 1 in Conjurations
  3609 | D:4      | Reached skill level 1 in Hexes
  3609 | D:4      | Reached skill level 1 in Summonings
  3609 | D:4      | Reached skill level 1 in Necromancy
  3609 | D:4      | Reached skill level 1 in Transmutations
  3609 | D:4      | Reached skill level 1 in Fire Magic
  3609 | D:4      | Reached skill level 1 in Ice Magic
  3609 | D:4      | Reached skill level 1 in Air Magic
  3609 | D:4      | Reached skill level 1 in Earth Magic
  3609 | D:4      | Reached skill level 1 in Poison Magic
  3682 | D:4      | Found a sand-covered staircase.
  3724 | Ossuary  | Entered an ossuary
  3772 | Ossuary  | Slain by a mummy

Illustrated notes

Levels and vault maps discovered:
D:1:      dpeg_arrival_prison, layout_rooms, ebering_ecumenical_altar_webs,
          minmay_split_cup_large
D:2:      layout_loops_corners, grunt_ministairs_6, uniq_crazy_yiuf_cottage
D:3:      layout_basic, mainiacjoe_overflow_chevrons,
          gammafunk_temple_overflow_forgotten, uniq_sigmund
D:4:      layout_loops_ring, enter_ossuary_4, minmay_misc_feat_enclosed
Ossuary:  ossuary_tomb_3

Skill      XL: |  1  2  3  4 |
---------------+-------------+-----
Spellcasting   | 5 |  5.1
Invocations    | 1 |  1.3
Short Blades   | 1 |  1.2
Long Blades    | 1 |  1.2
Axes           | 1 |  1.2
Maces & Flails | 1 |  1.2
Staves         | 1 |  1.2
Slings         | 1 |  1.2
Bows           | 1 |  1.2
Crossbows      | 1 |  1.2
Stealth        | 1 |  1.2
Shields        | 1 |  1.2
Unarmed Combat | 1 |  1.2
Evocations     | 1 |  1.2
Conjurations   | 1 |  1.0
Hexes          | 1 |  1.0
Summonings     | 1 |  1.0
Necromancy     | 1 |  1.0
Transmutations | 1 |  1.0
Fire Magic     | 1 |  1.0
Ice Magic      | 1 |  1.0
Air Magic      | 1 |  1.0
Earth Magic    | 1 |  1.0
Poison Magic   | 1 |  1.0
Fighting       | |  4.6
Polearms       | |  4.6
Throwing       | |  2.8
Armour         | |  2.8
Dodging        | |  4.6
Translocations | |  5.5

Action                   |  1- 3 |  4- 6 || total
-------------------------+-------+-------++-------
Melee: Spear             |   169 |   107 ||   276
       Bite              |    11 |    10 ||    21
       Punch             |     1 |     2 ||     3
 Stab: Sleeping          |     1 |     1 ||     2
Armor: Leather armour    |    27 |    21 ||    48
Dodge: Dodged            |    78 |    49 ||   127
